TOP OF THE 1ST |
Colorado Springs Sky Sox batting - Pitching for Albuquerque Isotopes : RHP Jason Decker
|
Pitching: RHP Jason Decker
|
|
Batting: LHB Steve Gilliam
|
0-0: Ball 1-0: Ground out 5-3 (Groundball, 5, EV 98.8 MPH)
|
Batting: RHB Ryan Rinaldi
|
0-0: Foul Ball, location: 2F 0-1: Called Strike 0-2: Foul Ball, location: 2F 0-2: Ground out 6-3 (Groundball, 56, EV 105.0 MPH)
|
Batting: LHB Chris Salim
|
0-0: Ball 1-0: Fly out, F7 (Flyball, 78S, EV 80.6 MPH)
|
Top of the 1st over - 0 runs, 0 hits, 0 errors, 0 left on base; Colorado Springs 0 - Albuquerque 0 |
BOTTOM OF THE 1ST |
Albuquerque Isotopes batting - Pitching for Colorado Springs Sky Sox : RHP Don Boudreau
|
Pitching: RHP Don Boudreau
|
|
Batting: RHB Joe LaDue
|
0-0: Called Strike 0-1: Ball 1-1: Foul Ball, location: 2F 1-2: Ball 2-2: Strikes out swinging
|
Batting: LHB Gabe Harvey
|
0-0: Called Strike 0-1: Ball 1-1: Ball 2-1: Fly out, F9 (Flyball, 9D, EV 102.5 MPH)
|
Batting: SHB Jamel Wright
|
0-0: Ball 1-0: Ball 2-0: Called Strike 2-1: Foul Ball, location: 2F 2-2: Ball 3-2: DOUBLE (Line Drive, 7LS, EV 91.2 MPH)
|
Batting: LHB Chad Persaud
|
0-0: Called Strike 0-1: SINGLE (Line Drive, 9S, EV 98.1 MPH) Jamel Wright to third Runner from 3rd tries for Home, SAFE, throw by RF to home Chad Persaud to second
|
Batting: RHB Eddie McCoy
|
0-0: Ball 1-0: Foul Ball, location: 2F 1-1: Fly out, F9 (Flyball, 9D, EV 105.0 MPH)
|
Bottom of the 1st over - 1 run, 2 hits, 0 errors, 1 left on base; Colorado Springs 0 - Albuquerque 1 |
TOP OF THE 2ND |
Colorado Springs Sky Sox batting - Pitching for Albuquerque Isotopes : RHP Jason Decker
|
Batting: LHB Michael Krott
|
0-0: Ball 1-0: Ball 2-0: Foul Ball, location: 2F 2-1: Foul Ball, location: 2F 2-2: Ball 3-2: Foul Ball, location: 2F 3-2: Ground out U3 (Groundball, 34, EV 104.4 MPH)
|
Batting: SHB Andy Vivas
|
0-0: Ball 1-0: Called Strike 1-1: Called Strike 1-2: Foul Ball, location: 2F 1-2: Fly out, F4 (Popup, 4MD, EV 55.6 MPH)
|
Batting: SHB Chris Besselman
|
0-0: Ball 1-0: Called Strike 1-1: Ground out 4-3 (Groundball, 4, EV 100.6 MPH)
|
Top of the 2nd over - 0 runs, 0 hits, 0 errors, 0 left on base; Colorado Springs 0 - Albuquerque 1 |
BOTTOM OF THE 2ND |
Albuquerque Isotopes batting - Pitching for Colorado Springs Sky Sox : RHP Don Boudreau
|
Batting: LHB Alfredo de la Cruz
|
0-0: Ball 1-0: Called Strike 1-1: Called Strike 1-2: Ball 2-2: Ball 3-2: Strikes out swinging
|
Batting: RHB Mike Ball
|
0-0: Ball 1-0: Ball 2-0: Called Strike 2-1: Foul Ball, location: 2F 2-2: Ball 3-2: Strikes out swinging
|
Batting: RHB Bobby Heagle
|
0-0: Ground out 3-1 (Groundball, 34, EV 76.9 MPH)
|
Bottom of the 2nd over - 0 runs, 0 hits, 0 errors, 0 left on base; Colorado Springs 0 - Albuquerque 1 |
TOP OF THE 3RD |
Colorado Springs Sky Sox batting - Pitching for Albuquerque Isotopes : RHP Jason Decker
|
Batting: RHB Justin Williams
|
0-0: Foul Ball, location: 2F 0-1: Swinging Strike 0-2: Ball 1-2: Foul Ball, location: 2F 1-2: SINGLE (Line Drive, 3L, EV 107.5 MPH)
|
Batting: SHB Bobby Santor
|
0-0: Fielders Choice at 2nd, 1-6 (Groundball, 13, EV 68.8 MPH)
|
Batting: RHB Devine Adams
|
0-0: Grounds into double play, 6-4-3 (Groundball, 56, EV 89.4 MPH)
|
Top of the 3rd over - 0 runs, 1 hit, 0 errors, 0 left on base; Colorado Springs 0 - Albuquerque 1 |
BOTTOM OF THE 3RD |
Albuquerque Isotopes batting - Pitching for Colorado Springs Sky Sox : RHP Don Boudreau
|
Batting: SHB Mitchell Greene
|
0-0: Called Strike 0-1: Ball 1-1: Called Strike 1-2: Ball 2-2: Foul Ball, location: 2F 2-2: Ball 3-2: SINGLE (Line Drive, 7LS, EV 104.4 MPH)
|
Batting: RHB Joe LaDue
|
0-0: Ball Mitchell Greene is caught stealing 2nd base 2-4 1-0: Ball 2-0: Called Strike 2-1: Called Strike 2-2: Strikes out looking
|
Batting: LHB Gabe Harvey
|
0-0: Swinging Strike 0-1: Ball 1-1: Swinging Strike 1-2: Strikes out looking
|
Bottom of the 3rd over - 0 runs, 1 hit, 0 errors, 0 left on base; Colorado Springs 0 - Albuquerque 1 |
TOP OF THE 4TH |
Colorado Springs Sky Sox batting - Pitching for Albuquerque Isotopes : RHP Jason Decker
|
Batting: LHB Steve Gilliam
|
0-0: Fly out, F6 (Popup, 6S, EV 64.4 MPH)
|
Batting: RHB Ryan Rinaldi
|
0-0: Called Strike 0-1: Called Strike 0-2: Ball 1-2: SINGLE (Line Drive, 56D, EV 95.0 MPH)
|
Batting: LHB Chris Salim
|
0-0: Foul Ball, location: 2F 0-1: Foul Ball, location: 2F 0-2: Foul Ball, location: 2F 0-2: Ball 1-2: Ball 2-2: Ball 3-2: Foul Ball, location: 2F 3-2: Base on Balls Ryan Rinaldi to second
|
Batting: LHB Michael Krott
|
0-0: Ball 1-0: Grounds into double play, 4-6-3 (Groundball, 34, EV 82.5 MPH)
|
Top of the 4th over - 0 runs, 1 hit, 0 errors, 1 left on base; Colorado Springs 0 - Albuquerque 1 |
BOTTOM OF THE 4TH |
Albuquerque Isotopes batting - Pitching for Colorado Springs Sky Sox : RHP Don Boudreau
|
Batting: SHB Jamel Wright
|
0-0: SOLO HOME RUN (Flyball, 9D, EV 111.2 MPH), Distance : 402 ft
|
Batting: LHB Chad Persaud
|
0-0: Ball 1-0: Foul Ball, location: 2F 1-1: Reached on error, E1 (Groundball, 13S, EV 70.0 MPH)
|
Batting: RHB Eddie McCoy
|
0-0: Ball 1-0: Called Strike 1-1: Ball 2-1: SINGLE (Line Drive, 34, EV 103.1 MPH) Chad Persaud to third
|
Batting: LHB Alfredo de la Cruz
|
0-0: Called Strike 0-1: Ball 1-1: Foul Ball, location: 2F 1-2: Strikes out swinging
|
Batting: RHB Mike Ball
|
0-0: Ball 1-0: Fly out, F7 (Line Drive, 7, EV 104.4 MPH)
|
Batting: RHB Bobby Heagle
|
0-0: SINGLE (Groundball, 56, EV 111.2 MPH) Chad Persaud scores Eddie McCoy to second
|
Batting: SHB Mitchell Greene
|
0-0: Ball 1-0: SINGLE (Groundball, 4MD, EV 86.9 MPH) (infield hit) Eddie McCoy to third Bobby Heagle to second
|
Batting: RHB Joe LaDue
|
0-0: GRAND SLAM HOME RUN (Line Drive, 9D, EV 103.1 MPH), Distance : 421 ft
|
Pitching: LHP Steve Ransom
|
|
Batting: LHB Gabe Harvey
|
0-0: Ground out U3 (Groundball, 3, EV 82.5 MPH)
|
Bottom of the 4th over - 6 runs, 5 hits, 1 error, 0 left on base; Colorado Springs 0 - Albuquerque 7 |
TOP OF THE 5TH |
Colorado Springs Sky Sox batting - Pitching for Albuquerque Isotopes : RHP Jason Decker
|
Batting: SHB Andy Vivas
|
0-0: Ball 1-0: Called Strike 1-1: SINGLE (Line Drive, 7LS, EV 103.8 MPH)
|
Batting: SHB Chris Besselman
|
0-0: Called Strike 0-1: Grounds into double play, 4-6-3 (Groundball, 4, EV 80.6 MPH)
|
Batting: RHB Justin Williams
|
0-0: Called Strike 0-1: Ball 1-1: Foul Ball, location: 2F 1-2: Ball 2-2: Foul Ball, location: 2F 2-2: SINGLE (Groundball, 56D, EV 103.8 MPH)
|
Batting: SHB Bobby Santor
|
0-0: SINGLE (Groundball, 4D, EV 100.6 MPH) Justin Williams to second Runner from 2nd tries for 3rd, SAFE, throw by CF made to third
|
Batting: RHB Devine Adams
|
0-0: DOUBLE (Line Drive, 89D, EV 102.5 MPH) Justin Williams scores Bobby Santor to third
|
Batting: LHB Steve Gilliam
|
0-0: Ball 1-0: Fly out, F7 (Line Drive, 78M, EV 90.0 MPH)
|
Top of the 5th over - 1 run, 4 hits, 0 errors, 2 left on base; Colorado Springs 1 - Albuquerque 7 |
BOTTOM OF THE 5TH |
Albuquerque Isotopes batting - Pitching for Colorado Springs Sky Sox : LHP Steve Ransom
|
Batting: SHB Jamel Wright
|
0-0: Ball 1-0: Ground out 4-3 (Groundball, 4, EV 83.8 MPH)
|
Batting: LHB Chad Persaud
|
0-0: Called Strike 0-1: Swinging Strike 0-2: Ball 1-2: SINGLE (Line Drive, 34D, EV 99.4 MPH)
|
Batting: RHB Eddie McCoy
|
0-0: Ball 1-0: Ball 2-0: Foul Ball, location: 2F 2-1: Swinging Strike 2-2: Hit by Pitch Chad Persaud to second
|
Batting: LHB Alfredo de la Cruz
|
0-0: Foul Ball, location: 2F 0-1: Grounds into double play, 4-6-3 (Groundball, 4S, EV 78.1 MPH)
|
Bottom of the 5th over - 0 runs, 1 hit, 0 errors, 1 left on base; Colorado Springs 1 - Albuquerque 7 |
TOP OF THE 6TH |
Colorado Springs Sky Sox batting - Pitching for Albuquerque Isotopes : RHP Jason Decker
|
Batting: RHB Ryan Rinaldi
|
0-0: Fly out, F7 (Flyball, 7S, EV 80.6 MPH)
|
Batting: LHB Chris Salim
|
0-0: SINGLE (Groundball, 4MD, EV 102.5 MPH)
|
Batting: LHB Michael Krott
|
0-0: Called Strike 0-1: Foul Ball, location: 2F 0-2: Fielders Choice at 2nd, 3-6 (Groundball, 3, EV 97.5 MPH)
|
Batting: SHB Andy Vivas
|
0-0: Called Strike 0-1: Ball 1-1: Called Strike 1-2: Strikes out swinging
|
Top of the 6th over - 0 runs, 1 hit, 0 errors, 1 left on base; Colorado Springs 1 - Albuquerque 7 |
BOTTOM OF THE 6TH |
Albuquerque Isotopes batting - Pitching for Colorado Springs Sky Sox : LHP Steve Ransom
|
Batting: RHB Mike Ball
|
0-0: Called Strike 0-1: Ball 1-1: Ball 2-1: Foul Ball, location: 2F 2-2: Ground out 6-3 (Groundball, 6, EV 76.9 MPH)
|
Batting: RHB Bobby Heagle
|
0-0: Ball 1-0: Ground out 3-1 (Groundball, 34, EV 81.9 MPH)
|
Batting: SHB Mitchell Greene
|
0-0: Ball 1-0: Called Strike 1-1: Ground out 6-3 (Groundball, 6, EV 105.6 MPH)
|
Bottom of the 6th over - 0 runs, 0 hits, 0 errors, 0 left on base; Colorado Springs 1 - Albuquerque 7 |
TOP OF THE 7TH |
Colorado Springs Sky Sox batting - Pitching for Albuquerque Isotopes : RHP Jason Decker
|
Batting: SHB Chris Besselman
|
0-0: Ball 1-0: Fly out, F9 (Flyball, 89M, EV 87.5 MPH)
|
Batting: RHB Justin Williams
|
0-0: Ball 1-0: DOUBLE (Line Drive, 9LD, EV 100.6 MPH)
|
Batting: SHB Bobby Santor
|
0-0: Ground out 4-3 (Groundball, 4S, EV 80.6 MPH) Justin Williams to third
|
Batting: RHB Devine Adams
|
0-0: Ball 1-0: Ground out 3-1 (Groundball, 13, EV 91.9 MPH)
|
Top of the 7th over - 0 runs, 1 hit, 0 errors, 1 left on base; Colorado Springs 1 - Albuquerque 7 |
BOTTOM OF THE 7TH |
Albuquerque Isotopes batting - Pitching for Colorado Springs Sky Sox : LHP Steve Ransom
|
Batting: RHB Joe LaDue
|
0-0: Ball 1-0: Foul Ball, location: 2F 1-1: Fly out, F9 (Flyball, 89M, EV 92.5 MPH)
|
Batting: LHB Gabe Harvey
|
0-0: Ground out 4-3 (Groundball, 4, EV 97.5 MPH)
|
Batting: SHB Jamel Wright
|
0-0: Ball 1-0: Ball 2-0: Fly out, F7 (Flyball, 7LS, EV 86.9 MPH)
|
Bottom of the 7th over - 0 runs, 0 hits, 0 errors, 0 left on base; Colorado Springs 1 - Albuquerque 7 |
TOP OF THE 8TH |
Colorado Springs Sky Sox batting - Pitching for Albuquerque Isotopes : RHP Jason Decker
|
Batting: LHB Steve Gilliam
|
0-0: Swinging Strike 0-1: Ball 1-1: SINGLE (Groundball, 56D, EV 101.9 MPH)
|
Batting: RHB Ryan Rinaldi
|
0-0: Fly out, F7 (Flyball, 78M, EV 95.6 MPH)
|
Batting: LHB Chris Salim
|
0-0: Swinging Strike 0-1: Ball 1-1: Swinging Strike 1-2: Ball 2-2: Foul Ball, location: 2F 2-2: SINGLE (Line Drive, 78S, EV 101.9 MPH) Steve Gilliam to second Runner from 2nd tries for 3rd, SAFE, throw by CF made to third
|
Pitching: RHP Justin Judson
|
|
Batting: LHB Michael Krott
|
0-0: Ball 1-0: Foul Ball, location: 2F 1-1: Ball 2-1: DOUBLE (Line Drive, 89M, EV 93.1 MPH) Steve Gilliam scores Chris Salim to third
|
Batting: SHB Andy Vivas
|
0-0: Ball 1-0: Ball 2-0: Called Strike 2-1: Ball 3-1: Base on Balls
|
Batting: SHB Chris Besselman
|
0-0: Ball 1-0: Ball 2-0: Swinging Strike 2-1: Called Strike 2-2: DOUBLE (Flyball, 89D, EV 100.0 MPH) Chris Salim scores Michael Krott scores Andy Vivas to third
|
Batting: RHB Justin Williams
|
0-0: Called Strike 0-1: Swinging Strike 0-2: Strikes out swinging
|
Batting: SHB Bobby Santor
|
0-0: Ground out U3 (Groundball, 13, EV 83.1 MPH)
|
Top of the 8th over - 3 runs, 4 hits, 0 errors, 2 left on base; Colorado Springs 4 - Albuquerque 7 |
BOTTOM OF THE 8TH |
Albuquerque Isotopes batting - Pitching for Colorado Springs Sky Sox : LHP Steve Ransom
|
Pinch Hitting: RHB Nick Cummings
|
0-0: Called Strike 0-1: Ball 1-1: Foul Ball, location: 2F 1-2: Fly out, F3 (Popup, 3SF, EV 73.1 MPH)
|
Batting: RHB Eddie McCoy
|
0-0: Called Strike 0-1: Ball 1-1: Called Strike 1-2: Strikes out swinging
|
Batting: LHB Alfredo de la Cruz
|
0-0: Ball 1-0: Ground out 3-1 (Groundball, 34, EV 82.5 MPH)
|
Bottom of the 8th over - 0 runs, 0 hits, 0 errors, 0 left on base; Colorado Springs 4 - Albuquerque 7 |
TOP OF THE 9TH |
Colorado Springs Sky Sox batting - Pitching for Albuquerque Isotopes : RHP Justin Judson
|
Pitching: RHP Humberto Gutierrez
|
|
Now in LF: Alfredo de la Cruz
|
|
Now in CF: Pablo Cardona
|
|
Batting: RHB Devine Adams
|
0-0: Called Strike 0-1: Foul Ball, location: 2F 0-2: Ball 1-2: Strikes out swinging
|
Batting: LHB Steve Gilliam
|
0-0: Ball 1-0: Ground out 5-3 (Groundball, 5, EV 81.9 MPH)
|
Batting: RHB Ryan Rinaldi
|
0-0: Ball 1-0: Ball 2-0: Ball 3-0: Base on Balls
|
Batting: LHB Chris Salim
|
0-0: Called Strike 0-1: Ball 1-1: Swinging Strike 1-2: Foul Ball, location: 2F 1-2: Foul Ball, location: 2F 1-2: Strikes out swinging
|
Top of the 9th over - 0 runs, 0 hits, 0 errors, 1 left on base; Colorado Springs 4 - Albuquerque 7 |
|